 Dungeon Crawl Stone Soup version 0.19.0-18-g426998a (webtiles) character file.

81 Rrauwl the Insei (level 4, -3/40 HPs)
             Began as a Draconian Monk on Nov 11, 2016.
             Slain by a sky beast (5 damage)
             ... on level 3 of the Dungeon.
             The game lasted 00:12:27 (1372 turns).

Rrauwl the Insei (Draconian Monk)                   Turns: 1372, Time: 00:12:28

Health: -3/40      AC:  5    Str: 14    XL:     4   Next: 20%
Magic:  5/5        EV: 13    Int: 10    God:
Gold:   85         SH:  0    Dex: 14    Spells: 0 memorised, 5 levels left

rFire  . . .     SeeInvis .       - Unarmed
rCold  . . .     Gourm    .     (armour unavailable)
rNeg   . . .     Faith    .     (no shield)
rPois  .         Spirit   .     (helmet restricted)
rElec  .         Reflect  .     (no cloak)
rCorr  .         Harm     .     (no gloves)
MR     .....     Rnd*Tele +     (no boots)
Stlth  ++........               (no amulet)
                                (no ring)
                                (no ring)

@: no status effects
A: unfitting armour, mutation resistance 1, teleportitis 1, cold-blooded, AC +5
a: no special abilities


You were on level 3 of the Dungeon.
You were not hungry.

You visited 1 branch of the dungeon, and saw 3 of its levels.

You collected 85 gold pieces.

Inventory:

Scrolls
 d - 5 scrolls of remove curse
 g - a scroll of enchant armour
Potions
 e - a potion of cancellation
Comestibles
 a - 2 bread rations
 b - a chunk of flesh
 c - 2 meat rations
 f - a slice of pizza
 h - 2 fruits


   Skills:
 + Level 3.7 Fighting
 + Level 3.3 Dodging
 - Level 1.7 Stealth
 + Level 3.9 Unarmed Combat
 * Level 1.2 Spellcasting


You had 5 spell levels left.
You didn't know any spells.

Dungeon Overview and Level Annotations

Branches:
Dungeon (3/15)

Altars:


Innate Abilities, Weirdness & Mutations

Your plain brown scales are hard. (AC +5)
You cannot fit into any form of body armour.
You are cold-blooded and may be slowed by cold attacks.
You are somewhat resistant to further mutation.
You are occasionally teleported next to monsters.


Message History

The adder is heavily wounded.
The adder barely misses you. The adder bites you but does no damage.
You closely miss the adder.
The adder is heavily wounded.
The adder closely misses you.
You hit the adder.
The adder is heavily wounded.
The adder bites you but does no damage.
You punch the adder!
You kill the adder!
The sky beast hits you. The sky beast shocks you.
The sky beast flickers out of sight!
Deactivating autopickup; reactivate with Ctrl-A.
Sorry, you're not good enough to have a special ability.
You miss something. Something hits you. Something shocks you.
* * * LOW HITPOINT WARNING * * *
You miss something. Something hits you.
* * * LOW HITPOINT WARNING * * *
Something shocks you.
You die...

#.###.8...8.# .###.##
#.##.#.....#.##.##.##
#.#...8...8...#..#.##
#.'.....!.....+.##.##
#.#...8...8...#.##.##
#.##.#.....#.##....##
#.# #.8...8.##..#####
#.####.. ..# #.## #
#..{@##..Y####.######
###### #+##^.........
#.##...##### #.#.#
.#. #...# ..# ##.##
#...## #.#
....###.####
#...##.....##


There were no monsters in sight!

Vanquished Creatures
  3 adders
  2 worms (D:2)
  2 dart slugs
  2 leopard geckos
  2 giant cockroaches (D:1)
  5 goblins (D:1)
  6 hobgoblins
  3 jackals (D:1)
  A quokka (D:2)
  7 bats
  3 frilled lizards
  4 kobolds
  2 rats
42 creatures vanquished.

Vanquished Creatures (others)
  A ball python (D:3)
  A bat (D:3)
2 creatures vanquished.

Grand Total: 44 creatures vanquished

Notes
Turn   | Place    | Note
-------+----------+-------------------------------------------
     0 | D:1      | Rrauwl the Draconian Monk began the quest for the Orb.
     0 | D:1      | Reached XP level 1. HP: 19/19 MP: 1/1
   171 | D:1      | Reached XP level 2. HP: 23/26 MP: 2/2
   559 | D:1      | Gained mutation: You are somewhat resistant to further mutation. [potion of mutation]
   559 | D:1      | Gained mutation: You are occasionally teleported next to monsters. [potion of mutation]
   645 | D:2      | Reached XP level 3. HP: 32/33 MP: 4/4
   730 | D:2      | Reached skill level 1 in Spellcasting
  1167 | D:3      | Reached XP level 4. HP: 37/40 MP: 5/5
  1302 | D:3      | Noticed a sky beast
  1372 | D:3      | HP: 2/40 [something (5)]
  1372 | D:3      | Slain by a sky beast

Skill      XL: |  1  2  3 |
---------------+----------+-----
Dodging        | 3 |  3.3
Spellcasting   | 1 |  1.2
Fighting       | |  3.7
Stealth        | |  1.7
Unarmed Combat | |  3.9

Action                   |  1- 3 |  4- 6 || total
-------------------------+-------+-------++-------
Melee: Unarmed           |   146 |    15 ||   161
       Tailslap          |    13 |       ||    13
       Punch             |     4 |       ||     4
  Use: Scroll            |     6 |     1 ||     7
       Potion            |     6 |       ||     6
 Stab: Sleeping          |     4 |     2 ||     6
  Eat: Chunk             |     1 |     1 ||     2
Armor: Skin              |    42 |     2 ||    44
Dodge: Dodged            |    83 |     6 ||    89
